 Dungeon Crawl Stone Soup version 0.27-a0-828-g8289197e94 (webtiles) character file.

Game seed: 7604887412279957824

203 avis the Skirmisher (level 5, -2/55 HPs)
             Began as an Ogre Warper on Mar 31, 2021.
             Splashed by Ijyb's acid (10 damage)
             ... on level 3 of the Dungeon.
             The game lasted 00:14:08 (3801 turns).

avis the Skirmisher (Ogre Warper)                   Turns: 3801, Time: 00:14:08

Health: -2/55      AC: -1    Str: 15    XL:     5   Next: 81%
Magic:  8/8        EV:  9    Int: 15    God:
Gold:   69         SH:  0    Dex:  8    Spells: 4/9 levels left

rFire    . . .     SeeInvis .   a - +0 mace
rCold    . . .     Faith    .   (no shield)
rNeg     + . .     Spirit   .   b - +0 robe
rPois    .         Reflect  .   (helmet restricted)
rElec    .         Harm     .   (no cloak)
rCorr    .         Rampage  .   (gloves unavailable)
Will     .....                  (boots unavailable)
Stlth    +.........             (no amulet)
HPRegen  0.18/turn              f - ring of positive energy
MPRegen  0.11/turn              (no ring)

@: corroded
A: large, unfitting armour, tough skin 1
a: no special abilities


You were on level 3 of the Dungeon.
You visited 1 branch of the dungeon, and saw 3 of its levels.

You collected 69 gold pieces.

Inventory:

Hand Weapons
 a - a +0 mace (weapon)
 e - a +0 vorpal spear
 l - a +1 short sword of venom
Missiles
 i - 12 arrows
 k - 59 stones (quivered)
Armour
 b - a +0 robe (worn)
Jewellery
 f - a ring of positive energy (left hand)
Scrolls
 c - a scroll of noise {unknown}
 d - a scroll of blinking
 g - 2 scrolls of teleportation {unknown}
 h - a scroll of enchant weapon {unknown}
 m - a scroll of acquirement {unknown}
 n - 3 scrolls of identify {unknown}
 p - 2 scrolls of fog {unknown}
Potions
 j - a potion of heal wounds {unknown}
 q - a potion of flight {unknown}


   Skills:
 + Level 4.5 Fighting
 * Level 4.0 Maces & Flails
 + Level 2.5 Throwing
 - Level 2.1 Dodging
 + Level 2.5 Spellcasting
 - Level 2.6 Translocations


You had 4 spell levels left.
You knew the following spells:

 Your Spells              Type           Power      Damage    Failure   Level
b - Blink                 Tloc           N/A        N/A       11%         2
o - Teleport Other        Tloc           9%         N/A       22%         3

Your spell library contained the following spells:

 Spells                   Type           Power      Damage    Failure   Level
 Gell's Gravitas          Tloc           4%         N/A       22%         3
 Lesser Beckoning         Tloc           4%         N/A       22%         3
 Manifold Assault         Tloc           9%         N/A       89%         5


Dungeon Overview and Level Annotations

Branches:
Dungeon (3/15)

Altars:
Ashenzari

Annotations:
D:3 Ijyb


Innate Abilities, Weirdness & Mutations

You are too large for most types of armour.
You have tough skin. (AC +1)


Message History

The goblin hits you with a +0 dagger.
You sock the goblin!
You kill the goblin!
You barely miss the goblin. The goblin hits you with a +0 club. x2
You sock the goblin!
You kill the goblin!
Items here: )) ††.
Okay, then.
You start resting.
HP restored.
n - 3 scrolls labelled DOVISI JEQE (gained 1) Ijyb the Twisted Goblin comes into view.
She is wielding a +0 club and carrying a wand of acid (7).
Ijyb shouts!
Ijyb zaps a wand.
The bolt of acid misses you.
Throw: 4 large rocks
Press: ? - help, Q - select action, (/) - cycle Shift-Dir - straight line You throw a large rock.
The large rock closely misses Ijyb.
Ijyb zaps a wand.
The bolt of acid hits you!!
You are splashed with acid!
Throw: 3 large rocks
Press: ? - help, Q - select action, (/) - cycle Shift-Dir - straight line You throw a large rock.
The large rock closely misses Ijyb.
Ijyb barely misses you. Ijyb hits you but does no damage.
Throw: 2 large rocks
Press: ? - help, Q - select action, (/) - cycle Shift-Dir - straight line You throw a large rock.
The large rock hits Ijyb!
Ijyb is moderately wounded.
Ijyb hits you with a +0 club.
Throw: large rock
Press: ? - help, Q - select action, (/) - cycle Shift-Dir - straight line You throw a large rock.
The large rock closely misses Ijyb.
Ijyb hits you with a +0 club.
Ijyb zaps a wand.
The bolt of acid misses you.
You hit Ijyb but do no damage.
Ijyb is moderately wounded.
Ijyb zaps a wand.
The bolt of acid misses you. Ijyb barely misses you.
You barely miss Ijyb.
Ijyb is moderately wounded.
Ijyb zaps a wand.
The bolt of acid hits you!
* * * LOW HITPOINT WARNING * * *
The acid corrodes you!
You are splashed with acid!
You die...

#.# #.# #.# #.# ### #.#
.( #.# #. #.#
##g###.#######
#..@.........# #.
#..####.###..# #.
#..........##..# #.##
#...#..##.....#..##.#...
##. #...............#...
# #..##.....#..#..#...
#............#..#...
...####.###..#......
#.###.........


You could see Ijyb.

Vanquished Creatures
  A gnoll sergeant (D:2)
  A hound skeleton (D:2)
  5 gnolls
  4 adders (D:2)
  2 dart slugs (D:2)
  5 ball pythons
  A bat (D:2)
  An endoplasm (D:3)
  A giant cockroach (D:1)
  3 goblins
  7 hobgoblins
  7 jackals (D:1)
  2 quokkas (D:2)
  4 frilled lizards
  2 kobolds (D:1)
  A rat (D:1)
47 creatures vanquished.

Notes
Turn   | Place    | Note
-------+----------+-------------------------------------------
     0 | D:1      | avis the Ogre Warper began the quest for the Orb.
     0 | D:1      | Reached XP level 1. HP: 22/22 MP: 3/3
   351 | D:1      | Reached XP level 2. HP: 31/31 MP: 5/5
  1115 | D:1      | Found a broken altar of Ashenzari.
  1153 | D:1      | Reached XP level 3. HP: 14/37 MP: 6/6
  1520 | D:2      | Noticed a gnoll sergeant
  2069 | D:2      | Reached XP level 4. HP: 40/48 MP: 7/7
  2504 | D:2      | Killed a gnoll sergeant
  2505 | D:2      | Reached XP level 5. HP: 31/54 MP: 8/8
  3155 | D:2      | Learned a level 2 spell: Blink
  3159 | D:2      | Learned a level 3 spell: Teleport Other
  3795 | D:3      | Noticed Ijyb
  3801 | D:3      | Splashed by Ijyb's acid

Illustrated notes

Levels and vault maps discovered:
D:1:      roderic_crop_circles_arrival_large, layout_rooms,
          evilmike_ruin_ashenzari
D:2:      layout_loops_ring
D:3:      layout_loops_ring, chequers_serial_rivers_small_b, dk_noncrumbling_3,
          minmay_increasing_density, uniq_ijyb

Skill      XL: |  1  2  3  4  5 |
---------------+----------------+-----
Maces & Flails | 2 3 4 |  4.0
Fighting       | 3 4 |  4.5
Throwing       | 2 |  2.5
Dodging        | |  2.1
Spellcasting   | |  2.5
Translocations | |  2.6

Action                   |  1- 3 |  4- 6 || total
-------------------------+-------+-------++-------
Melee: Mace              |   102 |    65 ||   167
Throw: Boomerang         |     5 |       ||     5
       Large rock        |       |    16 ||    16
Armor: Robe              |    34 |    14 ||    48
Dodge: Dodged            |    56 |    33 ||    89

Table legend: (Time is in decaauts)
 A = Elapsed time spent in this place.
 B = Non-inter-level travel time spent in this place.
 C = Inter-level travel time spent in this place.
 D = Time resting spent in this place.
 E = Time spent auto-exploring this place.
 F = Levels seen in this place.
 G = Mean time per level.
                   A        B        C        D        E       F      G
               +--------+--------+--------+--------+--------+-----+--------+
         Total |   3864 |   3582 |    282 |   1879 |    863 |   3 | 1288.0 |
       Dungeon |   3864 |   3582 |    282 |   1879 |    863 |   3 | 1288.0 |
               +--------+--------+--------+--------+--------+-----+--------+

Top non-repeatable levels by time:
     D:1: 1924 daAuts
     D:2: 1797 daAuts
     D:3: 143 daAuts
